 Dungeon Crawl Stone Soup version 0.31-a0-818-ge7c7cf74f0 (webtiles) character file.

Game seed: 1019157982152536885

21179 Kurtz the Cleaver (level 12, -6/88 HPs)
             Began as an Octopode Fighter on Sept 23, 2023.
             Was an Initiate of Gozag.
             Engulfed by an ice statue's freezing vapour (16 damage)
             ... in an ice cave.
             The game lasted 00:27:32 (17189 turns).

Kurtz the Cleaver (Octopode Fighter)               Turns: 17189, Time: 00:27:33

Health: -6/88      AC:  5    Str: 17    XL:     12   Next: 87%
Magic:  0/12       EV: 22    Int: 12    God:    Gozag
Gold:   1450       SH:  6    Dex: 13    Spells: 11/11 levels left

rFire   . . .        a - +0 war axe
rCold   . . .        b - +0 buckler
rNeg    + . .        (helmet restricted)
rPois   .            f - amulet of guardian spirit
rElec   .            r - +5 ring of evasion
rCorr   .            t - +4 ring of protection
SInv    .            N - ring of positive energy
Will    .....        (no ring)
Stlth   ++           (no ring)
HPRegen 0.34/turn    (no ring)
MPRegen 0.13/turn    (no ring)
                     (no ring)

%: guardian spirit
@: no status effects
A: almost no armour, amphibious, 8 rings, camouflage 1, gelatinous body 1,
(nimble swimmer 1), tentacles
a: Renounce Religion, Potion Petition, Call Merchant, Bribe Branch


You were in an ice cave.
You worshipped Gozag.
Gozag was most pleased with you.
You visited 2 branches of the dungeon, and saw 14 of its levels.
You also visited: Sewer and Ice Cave.

You collected 3857 gold pieces.
You spent 346 gold pieces at shops.
You paid 2061 gold pieces to Gozag.

Inventory:

Hand Weapons
 a - a +0 war axe (weapon)
 z - a +2 whip of electrocution
 A - a +2 hand axe of freezing
 P - the +6 whip of Qaepikhiha {venom, rC+ Will+}
   (You found it on level 9 of the Dungeon)

   rC+:       It protects you from cold.
   Will+:     It increases your willpower.
Missiles
 m - 24 poisoned darts (quivered)
 C - a throwing net
Armour
 b - a +0 buckler (worn)
Jewellery
 f - an amulet of guardian spirit (around mantle)
 r - a +5 ring of evasion (left tentacle)
 t - a +4 ring of protection (right tentacle)
 J - a ring of fire
 N - a ring of positive energy (on tentacle)
 R - the ring "Hofeqait" {*Corrode MP+9 Int+5 Dex+3 Stlth+}
   (You found it on level 12 of the Dungeon)

   [ring of magical power]

   Int+5:     It affects your intelligence (+5).
   Dex+3:     It affects your dexterity (+3).
   MP+9:      It affects your magic capacity (+9).
   *Corrode:  It may corrode you when you take damage.
   Stlth+:    It makes you more stealthy.
 T - an amulet of magic regeneration
Talismans
 Q - a maw talisman
Wands
 n - a wand of quicksilver (11)
 y - a wand of mindburst (11)
 B - a wand of polymorph (9)
 G - a wand of roots (8)
 O - a wand of digging (7)
 S - a wand of paralysis (3)
Scrolls
 d - 6 scrolls of blinking
 e - a scroll of vulnerability
 i - 4 scrolls of teleportation
 p - a scroll of noise {unknown}
 q - a scroll of enchant armour
 s - 2 scrolls of poison
 u - 3 scrolls of fog
 w - 3 scrolls of identify
 x - 2 scrolls of brand weapon {unknown}
 H - a scroll of butterflies {unknown}
 K - a scroll of amnesia {unknown}
 L - 3 scrolls of fear {unknown}
 M - a scroll of torment {unknown}
Potions
 h - 5 potions of heal wounds
 j - a potion of haste
 k - 4 potions of berserk rage
 l - 7 potions of curing
 o - a potion of mutation
 v - 4 potions of attraction
 D - a potion of ambrosia
 E - 3 potions of enlightenment
 F - a potion of lignification
 I - a potion of brilliance


   Skills:
 + Level 10.4 Fighting
 * Level 14.3 Axes
 * Level 9.9 Dodging
 * Level 7.7 Shields
 * Level 2.9 Shapeshifting


You had 11 spell levels left.
You didn't know any spells.
Your spell library contained the following spells:

 Spells                   Type           Power      Damage    Failure   Level
 Shock                    Conj/Air       0%         1d3       38%         1
 Scorch                   Fire           0%         2d5       52%         2
 Inner Flame              Hex/Fire       0%         N/A       77%         3
 Swiftness                Air            0%         N/A       77%         3
 Airstrike                Air            0%         2d(0-16)  99%         4
 Flame Wave               Conj/Fire      0%         2d4       99%         4
 Sticky Flame             Conj/Fire      0%         2d3       99%         4
 Conjure Ball Lightning   Conj/Air       0%         3x3d6     100%        6
 Summon Cactus Giant      Summ           0%         N/A       100%        6
 Discord                  Hex            0%         N/A       100%        8
 Disjunction              Tloc           0%         N/A       100%        8


Dungeon Overview and Level Annotations

Branches:
Dungeon (12/15)            Temple (0/1) D:7            Lair (2/5) D:11
  Swamp (0/4) Lair:2       Spider (0/4) Lair:2          Orc (0/2) D:12
  Sewer (visited)           IceCv (1/1)

Altars:
Ashenzari
Dithmenos
Elyvilon
Gozag
Hepliaklqana
Nemelex Xobeh
Qazlal
Ru
Uskayaw
Zin
The Shining One
Lugonu

Shops:
D:5 !   D:7 *   D:8 *   D:9 [?*

Portals:
Abyss: D:9

Annotations:
D:9 2 runed translucent doors, Erica
D:11 exclusions: downstairs and manticore IceCv exclusion: 2 ice statues


Innate Abilities, Weirdness & Mutations

You cannot wear most types of armour.
You are amphibious.
You can wear up to eight rings at the same time.
Your skin changes colour to match your surroundings (Stealth+).
Your rubbery body absorbs attacks. (AC +1, EV +1)
((You are camouflaged when in or above water. (Stealth+)))
You have tentacles for arms and can constrict up to eight enemies at once.


Message History

You slash the ice statue!
You squeeze the ice statue, but do no damage.
The ice statue is heavily damaged.
You hit the ice beast. x3; You barely miss the ice beast.
You are engulfed in freezing vapours.
The ice beast hits you but does no damage.
The ice beast completely misses you. You block the ice beast's attack.
The ice beast closely misses you.
You hit the ice statue.
The ice statue is severely damaged.
You hit the ice beast but do no damage. You barely miss the ice beast.
You hit the ice beast but do no damage. You slash the ice beast!
You are engulfed in freezing vapours.
The ice beast closely misses you. The ice beast completely misses you.
Unknown command.
You slash the ice statue! You squeeze the ice statue!
The ice statue is almost destroyed.
You hit the ice beast. x2
You kill the ice beast!
The ice beast disappears in a puff of smoke!
You slash the ice beast!
You kill the ice beast!
The ice beast disappears in a puff of smoke!
You hit the ice beast.
You are engulfed in freezing vapours.
* * * LOW HITPOINT WARNING * * *
The ice beast barely misses you.
You hit the ice statue but do no damage.
You squeeze the ice statue.
The ice statue is almost destroyed.
You slash the ice beast!
You kill the ice beast!
The ice beast disappears in a puff of smoke!
You slash the ice beast!
You are engulfed in freezing vapours.
* * * LOW HITPOINT WARNING * * *
The ice statue gestures at you. You block the shard of ice.
The ice beast hits you but does no damage.
You are engulfed in freezing vapours.
You die...
Your body crumbles into a pile of gold.

#..... ##.## #.....# #..#
#.......# ##.## #.......8
#...# #### ........##
##.######..##
.........####....##....##
...........###..........#
...(.(......#.......∩.∩.#
.....○.Y@##....##.......#
.....○○☼####..#####....##
......○Y8# #### ##..##
........## #### #......##
##....# ##..# ###


You could see 2 ice beasts.

Vanquished Creatures
  Fannar (D:11)
  A hydra (Lair:2)
  A boulder beetle (Lair:1)
  A centaur warrior (D:9)
  A two-headed ogre (D:10)
  4 deep elf pyromancers
  Pikel (D:4)
  2 cyclopes
  A black mamba (D:11)
  2 gargoyles
  3 cane toads
  2 rime drakes
  A kobold demonologist (D:11)
  6 komodo dragons
  A polar bear (shapeshifter) (D:11)
  A hornet (D:9)
  2 shadows
  5 wraiths
  23 yaks
  4 basilisks
  Grum (D:8)
  An acid dragon (D:11)
  7 water moccasins
  2 orc warriors
  2 black bears (D:6)
  2 ice beasts (D:8)
  A sky beast (D:7)
  2 ogres
  3 wolves (D:8)
  9 centaurs
  2 lemures (D:4)
  3 phantoms
  A gnoll sergeant (D:5)
  2 kobold brigands
  7 bullfrogs
  5 scorpions
  A wight (D:9)
  10 killer bees
  An elephant simulacrum (Lair:2)
  A lindwurm simulacrum (IceCv)
  5 howler monkeys
  3 komodo dragon simulacra (IceCv)
  5 orc priests
  Crazy Yiuf (D:4)
  A gnoll bouda (D:8)
  4 hounds
  A jelly (D:4)
  Jessica (D:2)
  6 iguanas
  2 sleepcaps
  Terence (D:3)
  6 orc wizards
  8 gnolls
  An acid dragon simulacrum (IceCv)
  8 adders
  2 white imps
  A steam dragon simulacrum (IceCv)
  A dart slug (D:1)
  43 orcs
  19 ball pythons
  9 bats
  9 endoplasms
  14 giant cockroaches
  11 goblins
  13 hobgoblins
  2 jackals (D:1)
  15 kobolds
  5 quokkas
  11 frilled lizards
  9 rats
343 creatures vanquished.

Vanquished Creatures (others)
  A yak (D:11)
1 creature vanquished.

Grand Total: 344 creatures vanquished

Notes
Turn   | Place    | Note
-------+----------+-------------------------------------------
     0 | D:1      | Kurtz the Octopode Fighter began the quest for the Orb.
     0 | D:1      | Reached XP level 1. HP: 16/16 MP: 1/1
   187 | D:1      | Reached XP level 2. HP: 21/21 MP: 2/2
   534 | D:1      | Reached skill level 3 in Axes
   664 | D:1      | Reached XP level 3. HP: 21/26 MP: 3/3
  1094 | D:2      | Noticed Jessica
  1098 | D:2      | Killed Jessica
  1099 | D:2      | Reached XP level 4. HP: 27/32 MP: 2/4
  1423 | D:2      | Found a faded altar of an unknown god.
  1481 | D:2      | Reached skill level 4 in Axes
  1992 | D:3      | Found an opulent altar of Gozag.
  2070 | D:3      | Reached XP level 5. HP: 35/37 MP: 5/5
  2150 | D:3      | Identified the +1 scale mail of Okawaru's Inspiration
                  | {*Corrode +Blink rC+ rN+}
  2210 | D:3      | Noticed an ogre
  2296 | D:3      | Became a worshipper of Gozag Ym Sagoz the Greedy
  2302 | D:3      | Found a shadowy altar of Dithmenos.
  2468 | D:3      | Noticed a phantom
  2487 | D:3      | Killed a phantom
  2488 | D:3      | Reached skill level 5 in Axes
  2488 | D:3      | Reached XP level 6. HP: 43/43 MP: 4/6
  2586 | D:3      | Noticed Terence
  2597 | D:3      | Killed Terence
  2778 | D:4      | Reached skill level 6 in Axes
  2886 | D:4      | Found a glowing drain.
  2891 | Sewer    | Entered a sewer
  2967 | Sewer    | Reached XP level 7. HP: 49/49 MP: 7/7
  3327 | D:4      | Found a hazy altar of Hepliaklqana.
  3327 | D:4      | Found a glowing golden altar of the Shining One.
  3543 | D:4      | Found a runed translucent door.
  3544 | D:4      | Noticed Crazy Yiuf
  3632 | D:4      | Noticed Pikel
  3652 | D:4      | Killed Pikel
  3653 | D:4      | Reached skill level 5 in Fighting
  3653 | D:4      | Reached skill level 8 in Axes
  3653 | D:4      | Reached XP level 8. HP: 45/55 MP: 8/8
  4078 | D:5      | Entered Level 5 of the Dungeon
  4216 | D:5      | Reached skill level 9 in Axes
  4562 | D:5      | Found Nuexeot's Distillery.
  4565 | D:5      | Bought a potion of heal wounds for 50 gold pieces
  4565 | D:5      | Bought a potion of lignification for 30 gold pieces
  4565 | D:5      | Bought a potion of berserk rage for 50 gold pieces
  4599 | D:5      | Found a stormy altar of Qazlal.
  4925 | D:6      | Reached XP level 9. HP: 40/62 MP: 4/9
  5166 | D:6      | Reached skill level 10 in Axes
  5588 | D:6      | Found a white marble altar of Elyvilon.
  5877 | D:7      | Found Qoopp's Assorted Antiques.
  6063 | D:7      | Found a staircase to the Ecumenical Temple.
  6273 | D:7      | Found a sacrificial altar of Ru.
  6330 | D:7      | Reached skill level 11 in Axes
  7270 | D:4      | Killed Crazy Yiuf
  7491 | D:8      | Found Xuim's Elemental Accessories.
  7759 | D:8      | Found a hide-covered altar of Uskayaw.
  7910 | D:8      | Reached XP level 10. HP: 68/72 MP: 10/10
  7946 | D:8      | Noticed Grum
  8155 | D:8      | Killed Grum
  8156 | D:8      | Reached skill level 12 in Axes
  8615 | D:9      | Noticed a gargoyle
  8683 | D:9      | Noticed a centaur warrior
  8859 | D:9      | Killed a centaur warrior
  8910 | D:9      | Noticed Erica
  9020 | D:9      | Killed a gargoyle
  9123 | D:9      | Reached skill level 5 in Dodging
  9149 | D:9      | Found a one-way gate to the infinite horrors of the Abyss.
  9149 | D:9      | Noticed a white ugly thing
  9149 | D:9      | Identified the +2 robe of Dice, Bag, and Bottle {rC- rCorr
                  | Str-4 Stlth+}
  9149 | D:9      | Noticed a kobold demonologist
  9199 | D:9      | Identified the +6 whip of Qaepikhiha {venom, rC+ Will+}
  9221 | D:9      | Found Cimi's Assorted Antiques.
  9229 | D:9      | Bought a scroll labelled CACVOG HUOC for 36 gold pieces
  9229 | D:9      | Bought a scroll labelled SAED QONAHUKE for 36 gold pieces
  9236 | D:9      | Identified a scroll of acquirement
  9237 | D:9      | Acquired 762 gold pieces
  9297 | D:9      | Reached skill level 13 in Axes
  9367 | D:9      | Paralysed by a hornet for 1 turns
  9568 | D:9      | Found a glowing silver altar of Zin.
  9569 | D:9      | Found a broken altar of Ashenzari.
  9658 | D:9      | Found a sparkling altar of Nemelex Xobeh.
  9685 | D:9      | Found Sufollibb's Antique Armour Boutique.
  9686 | D:9      | Found a large runed translucent door.
  9686 | D:9      | Found a large runed translucent door.
  9690 | D:9      | Found Zuzovaho's Magic Scroll Boutique.
  9700 | D:9      | Bought a scroll of fog for 48 gold pieces
  9700 | D:9      | Bought a scroll of identify for 24 gold pieces
  9700 | D:9      | Bought a scroll of identify for 24 gold pieces
  9700 | D:9      | Bought a scroll of identify for 24 gold pieces
  9700 | D:9      | Bought a scroll of identify for 24 gold pieces
  9734 | D:9      | Reached XP level 11. HP: 71/78 MP: 11/11
  9961 | D:9      | Found a corrupted altar of Lugonu.
  9964 | D:9      | Noticed a red ugly thing
 10052 | D:10     | Entered Level 10 of the Dungeon
 10374 | D:10     | Reached skill level 5 in Shields
 10545 | D:10     | Noticed a two-headed ogre
 10562 | D:10     | Killed a two-headed ogre
 11073 | D:11     | Found a staircase to the Lair.
 11199 | D:11     | Noticed Fannar
 11328 | D:11     | Killed Fannar
 11496 | D:11     | Noticed a white ugly thing
 11583 | D:11     | Noticed a cyclops
 11597 | D:11     | Killed a cyclops
 11713 | D:11     | Noticed a manticore
 11734 | D:11     | Noticed a deep elf pyromancer
 11735 | D:11     | Noticed a sixfirhy
 11809 | D:12     | Noticed a deep elf pyromancer
 11891 | D:11     | Noticed a sun demon
 12058 | D:11     | Killed a deep elf pyromancer
 13051 | D:12     | Killed a deep elf pyromancer
 13066 | D:12     | Identified the ring "Hofeqait" {*Corrode MP+9 Int+5 Dex+3
                  | Stlth+}
 13139 | D:12     | Reached XP level 12. HP: 86/86 MP: 12/12
 13228 | D:12     | Reached skill level 14 in Axes
 13228 | D:12     | Reached skill level 1 in Shapeshifting
 13644 | D:12     | Found a staircase to the Orcish Mines.
 13808 | Lair:1   | Entered Level 1 of the Lair of Beasts
 13919 | Lair:1   | Reached skill level 10 in Fighting
 14827 | Lair:1   | Noticed a boulder beetle
 14842 | Lair:1   | Killed a boulder beetle
 15632 | Lair:2   | Found a frozen archway.
 15650 | Lair:2   | Noticed a five-headed hydra
 15694 | Lair:2   | Killed a five-headed hydra
 15774 | IceCv    | Entered an ice cave
 17189 | IceCv    | Engulfed by an ice statue's freezing vapour

Illustrated notes

Levels and vault maps discovered:
D:1:      heliophobic_arrival_dark_side_of_the_moon, layout_loops_corners
D:2:      layout_basic, basic_ecumenical_altar, corexii_item_surrounded_by_moat,
          uniq_jessica
D:3:      layout_basic, mainiacjoe_overflow_catch_the_wave,
          minmay_ogre_servants, uniq_terence
D:4:      layout_loops_ring, grunt_temple_overflow_open, portal_sewer_entry_e,
          kennysheep_dice, uniq_crazy_yiuf_cottage, uniq_pikel
D:5:      layout_basic, mainiacjoe_overflow_paths, serial_shops,
          nicolae_shop_hallway_stairs
D:6:      layout_gridville, mainiacjoe_overflow_small_starburst
D:7:      layout_gridville, nicolae_ru_great_annihilating_truth,
          minmay_temple_entry_nine_rooms, serial_shops, nicolae_take_the_stairs
D:8:      layout_loops_ring, old_standard_altar, kennysheep_cross_room,
          nicolae_elemental_shop, minmay_misc_feat_doors,
          hangedman_abyss_or_decor_jellyfish_corner, uniq_grum
D:9:      due_chaos_kobolds, layout_cave_pools, mainiacjoe_overflow_boulevard,
          jmf_multi_god_temple, serial_shops, nicolae_shop_statue_plus,
          nicolae_lakefront_shop, shop, minivault_5, minmay_misc_feat_hallway,
          minmay_microvault, uniq_erica
D:10:     layout_roguey
D:11:     layout_basic, david_lair_shrubbed, serial_rivers,
          chequers_serial_rivers_room_b, chequers_serial_rivers_large_b,
          chequers_serial_rivers_micro_c, chequers_serial_rivers_small_3,
          chequers_serial_rivers_room_b, chequers_serial_rivers_large_a,
          uniq_fannar
D:12:     layout_basic, hiddenorc1_lemuel, serial_glass, glass_columns_b,
          glass_columns_b
Lair:1:   layout_chaotic_city, grunt_megastairs_5, lemuel_fruit_tree
Lair:2:   layout_loops_ring, minmay_swamp_entry_reptiles,
          spider_nest_entry_funnel_web, portal_ice_cave_entry_ice_simulacra,
          st_stairs_13, minivault_26
IceCv:    ice_cave_small_dragons

Skill      XL: |  1  2  3  4  5  6  7  8  9 10 11 12 |
---------------+-------------------------------------+-----
Axes           | 3 4 5 6 8 9 11 13 14 | 14.3
Fighting       | 4 5 6 7 8 9 10 | 10.4
Dodging        | 5 7 9 |  9.9
Shields        | 4 6 7 |  7.7
Shapeshifting  | 2 |  2.9

Action                     |  1- 3 |  4- 6 |  7- 9 | 10-12 || total
---------------------------+-------+-------+-------+-------++-------
  Melee: War axe           |    52 |   124 |    61 |    37 ||   274
         Tentacles         |     9 |    25 |    63 |   233 ||   330
         Constrict         |     9 |    31 |    58 |    70 ||   168
         Punch             |       |     1 |    10 |    16 ||    27
         Whip              |       |       |   137 |   509 ||   646
         Hand axe          |       |       |    98 |   234 ||   332
  Throw: Dart              |       |     3 |     3 |    14 ||    20
         Throwing net      |       |       |       |     6 ||     6
 Invoke: Potion Petition   |       |       |       |     4 ||     4
  Evoke: Wand              |       |       |       |    11 ||    11
    Use: Potion            |       |       |     1 |     3 ||     4
         Scroll            |       |       |       |    18 ||    18
   Stab: Sleeping          |     8 |    14 |    10 |    12 ||    44
         Distracted        |       |       |     3 |     2 ||     5
         Paralysed         |       |       |     1 |     3 ||     4
         Held in net/web   |       |       |       |     4 ||     4
 Armour: Skin              |    19 |    30 |    85 |   271 ||   405
  Dodge: Dodged            |    30 |    83 |   209 |   418 ||   740
  Block: Buckler           |     6 |    21 |    52 |   152 ||   231

Table legend: (Time is in decaauts)
 A = Elapsed time spent in this place.
 B = Non-inter-level travel time spent in this place.
 C = Inter-level travel time spent in this place.
 D = Time resting spent in this place.
 E = Time spent auto-exploring this place.
 F = Levels seen in this place.
 G = Mean time per level.
                   A        B        C        D        E       F      G
               +--------+--------+--------+--------+--------+-----+--------+
         Total |  17043 |  15791 |   1252 |   3634 |   8662 |  16 | 1065.2 |
       Dungeon |  13893 |  12702 |   1191 |   2062 |   7886 |  12 | 1157.8 |
          Lair |   1482 |   1421 |     61 |    489 |    617 |   2 |  741.0 |
         Sewer |    311 |    311 |      0 |      0 |    154 |   1 |  311.0 |
      Ice Cave |   1355 |   1355 |      0 |   1082 |      5 |   1 | 1355.0 |
               +--------+--------+--------+--------+--------+-----+--------+

Top non-repeatable levels by time:
    D:11: 2412 daAuts
     D:8: 1446 daAuts
     D:4: 1387 daAuts
   IceCv: 1355 daAuts
  Lair:1: 1287 daAuts
     D:9: 1128 daAuts
     D:2: 1060 daAuts
     D:3: 1040 daAuts
     D:6: 956 daAuts
     D:1: 953 daAuts
     D:7: 948 daAuts
    D:10: 939 daAuts
     D:5: 855 daAuts
    D:12: 764 daAuts
   Sewer: 311 daAuts
